 Dungeon Crawl Stone Soup version 0.27-a0-1322-gfdffb62a71 (webtiles) character file.

Game seed: 2293111335327836401

67431 drugrobin the Impaler (level 14, -7/130 HPs)
             Began as a Demigod Warper on June 22, 2021.
             Mangled by a cane toad (17 damage)
             ... on level 6 of the Lair of Beasts.
             The game lasted 01:27:08 (34581 turns).

drugrobin the Impaler (Demigod Warper)             Turns: 34581, Time: 01:27:09

Health: -7/130     AC: 14    Str: 20    XL:     14   Next: 43%
Magic:  22/27      EV: 16    Int: 25    God:
Gold:   1107       SH:  5    Dex: 25    Spells: 7/25 levels left

rFire    . . .     SeeInvis .   G - +0 spear (freeze)
rCold    . . .     Faith    .   (no shield)
rNeg     + . .     Spirit   .   O - +3 leather armour of Insatiable Hunger {Will++ Dex+2}
rPois    +         Reflect  +   U - +1 helmet {Int+3}
rElec    +         Harm     .   V - +2 cloak
rCorr    .         Rampage  .   (no gloves)
Will     +++..                  s - +2 pair of boots
Stlth    ++........             R - amulet of reflection
HPRegen  0.31/turn              u - ring "Icag" {rElec rN+ Int+3 Dex+6}
MPRegen  0.20/turn              y - ring of poison resistance

@: no status effects
A: high mp 1, forlorn
a: no special abilities


You were on level 6 of the Lair of Beasts.
You visited 2 branches of the dungeon, and saw 18 of its levels.

You collected 1140 gold pieces.
You spent 33 gold pieces at shops.

Inventory:

Hand Weapons
 a - a +5 vorpal glaive
 G - a +0 spear of freezing (weapon)
 N - a +0 trident of flaming
 Y - a +4 spear
Missiles
 d - 5 boomerangs of dispersal
 i - 2 curare-tipped darts
 t - 39 poisoned darts
 E - 20 javelins (quivered)
Armour
 e - a +1 leather armour of cold resistance
 s - a +2 pair of boots (worn)
 O - the +3 leather armour of Insatiable Hunger (worn) {Will++ Dex+2}
   (You took it off an orc on level 5 of the Dungeon)

   It affects your dexterity (+2).
   It greatly increases your willpower.
 U - a +1 helmet of intelligence (worn)
 V - a +2 cloak (worn)
Magical Staves
 n - a staff of poison
Jewellery
 h - a ring of see invisible
 q - a ring of wizardry
 u - the ring "Icag" (left hand) {rElec rN+ Int+3 Dex+6}
   (You acquired it on level 4 of the Lair of Beasts)

   [ring of dexterity]

   It affects your intelligence (+3).
   It affects your dexterity (+6).
   It insulates you from electricity.
   It protects you from negative energy.
 y - a ring of poison resistance (right hand)
 z - a ring of willpower
 B - a ring of fire
 F - a +4 ring of evasion
 H - a ring of resist corrosion
 R - an amulet of reflection (around neck)
 X - a ring of ice
Wands
 b - a wand of mindburst (9)
 l - a wand of flame (37)
 x - a wand of polymorph (18)
 T - a wand of iceblast (12)
Scrolls
 c - 9 scrolls of blinking
 f - 4 scrolls of fear
 j - 9 scrolls of teleportation
 m - 4 scrolls of identify
 r - 4 scrolls of enchant armour
 A - 4 scrolls of magic mapping
 D - a scroll of brand weapon
 P - a scroll of silence
 Q - 5 scrolls of enchant weapon
Potions
 g - 3 potions of lignification
 k - 3 potions of heal wounds
 o - 3 potions of brilliance
 p - a potion of haste
 w - 4 potions of resistance
 C - 2 potions of cancellation
 I - 7 potions of curing
 W - a potion of flight
 Z - 2 potions of might
Miscellaneous
 L - a piece from Xom's chessboard (15/15)


   Skills:
 + Level 13.7 Fighting
 + Level 16.9 Polearms
 - Level 0.8 Throwing
 - Level 0.8 Armour
 + Level 5.2 Dodging
 - Level 6.0 Spellcasting
 - Level 6.0 Translocations


You had 7 spell levels left.
You knew the following spells:

 Your Spells              Type           Power      Damage    Failure   Level
a - Teleport Other        Tloc           37%        N/A       2%          3
b - Blink                 Tloc           N/A        N/A       1%          2
c - Call Imp              Summ           7%         N/A       13%         2
d - Manifold Assault      Tloc           37%        N/A       21%         5
e - Mephitic Cloud        Conj/Pois/Air  7%         N/A       26%         3
f - Gell's Gravitas       Tloc           18%        N/A       2%          3

Your spell library contained the following spells:

 Spells                   Type           Power      Damage    Failure   Level
 Lesser Beckoning         Tloc           18%        N/A       2%          3
 Animate Skeleton         Necr           14%        N/A       9%          1
 Corona                   Hex            7%         N/A       9%          1
 Foxfire                  Conj/Fire      28%        2x1d5     9%          1
 Magic Dart               Conj           28%        1d4       9%          1
 Pain                     Necr           28%        1d5       9%          1
 Ensorcelled Hibernation  Hex/Ice        14%        N/A       13%         2
 Slow                     Hex            7%         N/A       13%         2
 Confusing Touch          Hex            7%         N/A       26%         3
 Conjure Flame            Conj/Fire      7%         6-21      26%         3
 Dazzling Flash           Conj/Hex       14%        N/A       26%         3
 Inner Flame              Hex/Fire       7%         N/A       26%         3
 Tukima's Dance           Hex            7%         N/A       26%         3
 Vampiric Draining        Necr           3%         2d6       26%         3
 Animate Dead             Necr           3%         N/A       65%         4
 Sticky Flame             Conj/Fire      7%         2d3       65%         4
 Agony                    Necr           7%         N/A       94%         5
 Fireball                 Conj/Fire      3%         3d4       94%         5


Dungeon Overview and Level Annotations

Branches:
Dungeon (12/15)            Temple (0/1) D:7            Lair (6/6) D:11
 Shoals (0/4) Lair:3       Spider (0/4) Lair:2        Slime (0/5) Lair:5
    Orc: D:9-12

Shops:
D:2 ?

Annotations:
D:7 1 runed translucent door, exclusion: door, Crazy Yiuf, Harold
Lair:3 exclusion: ice statue


Innate Abilities, Weirdness & Mutations

Your attributes grow dramatically as you level up.
You have an increased reservoir of magic. (+10% MP)
You shall have no god before yourself.


Message History

You reach to attack!
You hit the cane toad but do no damage.
The cane toad is moderately wounded.
Unknown command.
Casting: Call Imp (safe; 13% risk of failure)
Confirm with . or Enter, or press ? or * to list all spells.
You blink.
Your crimson imp blinks!
Your crimson imp blinks!
Reach: G) +0 spear (freeze)
Press: ? - help, Dir - move target, f/p - cane toad
Aim: a cane toad (lightly wounded, ally target, about 22% to evade your +0 spear of freezing)
You reach to attack!
You closely miss the cane toad.
The cane toad is lightly wounded.
Unknown command.
Reach: G) +0 spear (freeze)
Press: ? - help, Dir - move target, f/p - cane toad
Aim: a cane toad (lightly wounded, ally target, about 22% to evade your +0 spear of freezing)
You reach to attack!
You barely miss the cane toad.
The cane toad is lightly wounded.
Unknown command.
Your crimson imp blinks!
You see here a curare-tipped dart.
You hit the cane toad. You freeze the cane toad.
The cane toad is moderately wounded.
The cane toad misses you.
You hit the cane toad but do no damage.
The cane toad is moderately wounded.
The cane toad stings you but does no damage.
You puncture the cane toad!
The cane toad seems to slow down.
You freeze the cane toad.
The cane toad is severely wounded.
The cane toad is no longer moving slowly.
You puncture the cane toad! You freeze the cane toad.
The cane toad is almost dead.
The cane toad stings you!
* * * LOW HITPOINT WARNING * * *
You barely miss the cane toad.
The cane toad is almost dead.
The cane toad stings you!
You die...

##....†........##..#
##..†..
##.............##..##
##....
#.............##...# .
##...
.............##...# ..
##.. ...........###....#
... ###
...........##....## ....
# .................#
P.... .P..
...........(..P.##......
P...
........#....5.F@...P#
.###
.............#....####
..............##.##
.............#.###
P.......P.....##
.............##
..............#
........#######
........#


You could see a cane toad (ally target) and a friendly crimson imp (summoned).

Vanquished Creatures
  Gastronok (Lair:1)
  Josephine (Lair:6)
  Fannar (D:11)
  5 hydras
  A boulder beetle (D:12)
  Erica (Lair:1)
  A centaur warrior (D:10)
  A catoblepas (Lair:6)
  5 two-headed ogres
  11 death yaks
  Nergalle (D:11)
  Sonja (Lair:6)
  A lindwurm (Lair:4)
  The ghost of ThrustWizard the Ducker, a novice GnMo of Okawaru (D:5)
  2 orc knights
  2 ugly things
  A wolf spider (Lair:6)
  An orb spider (Lair:2)
  3 cyclopes
  10 elephants
  A manticore (D:12)
  7 black mambas (Lair:6)
  A gargoyle (D:11)
  Psyche (D:9)
  8 rime drakes
  12 cane toads
  An unseen horror (D:11)
  A kobold demonologist (D:11)
  13 komodo dragons
  3 trolls
  6 polar bears
  Grinder (D:5)
  2 hornets (Lair:6)
  11 blink frogs
  2 slime creatures (D:12)
  9 dream sheep (Lair:5)
  A centaur simulacrum (D:10)
  Sigmund (D:4)
  A vampire (D:11)
  2 shadows
  13 wyverns
  3 redbacks (Lair:6)
  4 wraiths
  44 yaks
  2 basilisks
  A steam dragon (D:9)
  9 vampire mosquitoes
  2 wargs
  2 acid dragons
  Duvessa (D:7)
  17 water moccasins
  5 orc warriors
  A sky beast (D:6)
  6 ice beasts
  A black bear (D:6)
  7 centaurs
  2 ogres (D:6)
  6 wolves
  2 phantoms (D:6)
  A kobold brigand (D:9)
  A gnoll sergeant (D:7)
  9 bullfrogs
  Dowan (D:7)
  A scorpion (D:4)
  A water moccasin zombie (D:5)
  A water moccasin skeleton (D:5)
  8 killer bees
  7 wights
  An electric eel (Lair:6)
  2 howler monkeys
  A bullfrog zombie (D:5)
  4 centaur zombies
  8 orc priests
  6 hounds
  4 centaur skeletons
  7 iguanas (Lair:1)
  Natasha (D:2)
  15 orc wizards
  A howler monkey zombie (D:7)
  13 gnolls
  A howler monkey skeleton (D:4)
  5 adders
  A shadow imp (D:7)
  3 white imps
  2 adder skeletons (D:4)
  A worm (D:3)
  5 dart slugs
  60 orcs
  6 ball pythons
  10 endoplasms
  4 giant cockroaches
  6 goblins
  7 hobgoblins
  6 jackals
  7 kobolds
  2 quokkas
  7 bats
  7 frilled lizards
  2 rats
498 creatures vanquished.

Vanquished Creatures (collateral kills)
  A hydra (D:9)
  A death yak (Lair:2)
  2 blink frogs (Lair:2)
  A warg (D:11)
  An ogre (D:5)
  A necrophage (D:7)
  A centaur (D:5)
  A gnoll sergeant (D:4)
  A gnoll shaman (D:5)
  A jelly (D:7)
  A gnoll (D:4)
  An adder (D:4)
  An orc (D:11)
  A ball python (D:4)
15 creatures vanquished.

Vanquished Creatures (others)
  46 fungi
  89 plants
135 creatures vanquished.

Grand Total: 648 creatures vanquished

Notes
Turn   | Place    | Note
-------+----------+-------------------------------------------
     0 | D:1      | drugrobin the Demigod Warper began the quest for the Orb.
     0 | D:1      | Reached XP level 1. HP: 17/17 MP: 5/5
   226 | D:1      | Reached skill level 2 in Polearms
   421 | D:1      | Reached XP level 2. HP: 15/24 MP: 7/7
   605 | D:1      | Learned a level 2 spell: Blink
   749 | D:1      | Reached skill level 3 in Polearms
  1209 | D:1      | Reached XP level 3. HP: 6/29 MP: 8/8
  2379 | D:2      | Noticed Natasha
  2397 | D:1      | Learned a level 3 spell: Teleport Other
  2860 | D:2      | Found Ciunecki's Magic Scroll Shop.
  2871 | D:2      | Bought a scroll of teleportation for 33 gold pieces
  2906 | D:2      | Reached skill level 4 in Polearms
  3623 | D:2      | Killed Natasha
  3624 | D:2      | Reached XP level 4. HP: 35/36 MP: 9/9
  5052 | D:3      | Reached skill level 5 in Polearms
  5052 | D:3      | Reached XP level 5. HP: 41/41 MP: 10/10
  5777 | D:4      | Learned a level 2 spell: Call Imp
  5851 | D:4      | Reached XP level 6. HP: 34/48 MP: 9/12
  6741 | D:4      | Noticed Sigmund
  6787 | D:4      | Killed Sigmund
  6788 | D:4      | Reached XP level 7. HP: 29/53 MP: 8/15
  7540 | D:5      | Entered Level 5 of the Dungeon
  7671 | D:5      | Reached skill level 6 in Polearms
  7679 | D:5      | Noticed Grinder
  7697 | D:5      | Killed Grinder
  8148 | D:5      | Reached skill level 5 in Translocations
  8221 | D:5      | Noticed a two-headed ogre
  8240 | D:5      | Killed a two-headed ogre
  8241 | D:5      | Reached skill level 7 in Polearms
  8241 | D:5      | Reached skill level 5 in Spellcasting
  8241 | D:5      | Reached XP level 8. HP: 55/60 MP: 12/19
  8316 | D:5      | Learned a level 5 spell: Manifold Assault
  8439 | D:5      | Found a runed translucent gate.
  8439 | D:5      | Identified the +1 plate armour "Oraiv" {Int+2}
  8439 | D:5      | Noticed ThrustWizard's ghost (novice GnMo)
  8440 | D:5      | Found a runed translucent gate.
  8441 | D:5      | Found a runed translucent gate.
  8441 | D:5      | Identified the +3 leather armour of Insatiable Hunger
                  | {Will++ Dex+2}
  8712 | D:5      | Identified the +2 whip of Flawed Execution {vorpal, *Rage
                  | Int+7 Dex-4}
  9021 | D:5      | Learned a level 3 spell: Mephitic Cloud
  9055 | D:5      | Reached skill level 8 in Polearms
  9112 | D:5      | Killed ThrustWizard's ghost
  9113 | D:5      | Reached XP level 9. HP: 66/67 MP: 14/20
  9121 | D:5      | Learned a level 3 spell: Gell's Gravitas
  9243 | D:6      | Reached skill level 9 in Polearms
  9832 | D:6      | Reached skill level 10 in Polearms
 10420 | D:6      | Noticed a gargoyle
 11122 | D:7      | Noticed Duvessa
 11129 | D:7      | Noticed Dowan
 11137 | D:7      | Killed Duvessa
 11161 | D:7      | Killed Dowan
 11164 | D:7      | Reached skill level 11 in Polearms
 11370 | D:7      | Noticed Harold
 11604 | D:7      | Found a staircase to the Ecumenical Temple.
 11749 | D:7      | Found a runed translucent door.
 11750 | D:7      | Noticed Crazy Yiuf
 12094 | D:8      | Noticed a two-headed ogre
 12763 | D:8      | Reached XP level 10. HP: 64/73 MP: 21/21
 13099 | D:8      | Noticed a cyan ugly thing
 13143 | D:8      | Killed a cyan ugly thing
 13479 | D:8      | Killed a two-headed ogre
 13936 | D:9      | Noticed Psyche
 13947 | D:9      | Killed Psyche
 14176 | D:9      | Reached skill level 12 in Polearms
 14188 | D:9      | Noticed a cyclops
 14227 | D:9      | Killed a cyclops
 14403 | D:9      | Reached skill level 5 in Fighting
 15508 | D:9      | Identified the +1 dire flail "Uhuy" {holy, rF+ Dex+2}
 15925 | D:10     | Entered Level 10 of the Dungeon
 16074 | D:10     | Noticed a two-headed ogre
 16084 | D:10     | Killed a two-headed ogre
 16280 | D:10     | Noticed a two-headed ogre
 16286 | D:10     | Killed a two-headed ogre
 16287 | D:10     | Reached XP level 11. HP: 89/89 MP: 15/22
 16299 | D:10     | Noticed a seven-headed hydra
 16379 | D:9      | Killed a seven-headed hydra
 16823 | D:10     | Reached skill level 13 in Polearms
 16887 | D:10     | Noticed a centaur warrior
 16902 | D:10     | Killed a centaur warrior
 16930 | D:10     | Noticed an entropy weaver
 17216 | D:10     | Noticed an anaconda
 17307 | D:9      | Noticed a satyr
 17307 | D:9      | an anaconda changed into a satyr
 17918 | D:10     | Found a runed translucent door.
 17921 | D:10     | Found a runed translucent door.
 18079 | D:10     | Noticed an orc knight
 18096 | D:10     | Killed an orc knight
 18358 | D:10     | Noticed a rakshasa
 18469 | D:11     | Noticed Nergalle
 18480 | D:11     | Found a staircase to the Lair.
 18953 | Lair:1   | Entered Level 1 of the Lair of Beasts
 19843 | Lair:1   | Noticed Erica
 19994 | Lair:1   | Reached skill level 14 in Polearms
 20460 | D:11     | Killed Nergalle
 20461 | D:11     | Reached XP level 12. HP: 105/105 MP: 19/23
 21376 | D:11     | Noticed Fannar
 21400 | D:11     | Killed Fannar
 21401 | D:11     | Reached skill level 10 in Fighting
 21656 | D:12     | Noticed a boulder beetle
 21700 | D:12     | Killed a boulder beetle
 22984 | Lair:1   | Killed Erica
 23129 | Lair:1   | Noticed Gastronok
 23159 | Lair:1   | Killed Gastronok
 23160 | Lair:1   | Reached skill level 15 in Polearms
 23381 | Lair:1   | Noticed a seven-headed hydra
 23400 | Lair:1   | Killed a seven-headed hydra
 24489 | Lair:1   | Reached XP level 13. HP: 36/116 MP: 13/24
 25405 | Lair:2   | Found a hole to the Spider Nest.
 25785 | Lair:3   | Found a staircase to the Shoals.
 26746 | Lair:3   | Reached skill level 16 in Polearms
 27039 | Lair:3   | Identified the +1 scale mail of Sophism {Str+3}
 29861 | Lair:4   | Identified a scroll of acquirement
 29878 | Lair:4   | Acquired the ring "Icag" {rElec rN+ Int+3 Dex+6}
 30282 | Lair:5   | Found a staircase to the Slime Pits.
 31672 | Lair:5   | Reached XP level 14. HP: 105/129 MP: 20/26
 32173 | Lair:6   | Entered Level 6 of the Lair of Beasts
 33397 | Lair:6   | Noticed Josephine
 33400 | Lair:6   | Noticed Sonja
 33409 | Lair:6   | Killed Josephine
 33419 | Lair:6   | Killed Sonja
 34350 | Lair:6   | Reached skill level 5 in Dodging
 34541 | Lair:6   | HP: 5/130 [poisoned by a redback]
 34581 | Lair:6   | Mangled by a cane toad

Illustrated notes

Levels and vault maps discovered:
D:1:      dpeg_arrival_radiant, layout_loops_corners
D:2:      layout_loops_ring, serial_shops, nicolae_diamond_shop,
          shapermc_ecumenical_altar_hornbeckon, uniq_natasha
D:3:      layout_loops_ring, gammafunk_temple_overflow_forgotten,
          hangedman_decor_points
D:4:      layout_layer_cave, nemelex_xobeh_ov_fountains_minmay,
          general_overflow_altar, marbit_many_paths, uniq_sigmund
D:5:      layout_gridville, kennysheep_orc_sif_temple,
          biasface_ghost_orc_armoury, dk_noncrumbling_3,
          kennysheep_generic_room_5, uniq_grinder
D:6:      layout_basic, zin_treasury, minmay_manual_mandibuliform
D:7:      layout_rooms, nicolae_overflow_hidden_temple,
          minmay_temple_entry_fiery, uniq_crazy_yiuf_cottage, uniq_duvessa,
          uniq_harold
D:8:      layout_cave_pools, old_standard_altar
D:9:      layout_loops_ring, roderic_lattice_a, hangedman_abyss_or_decor_stabs,
          small_chamber_with_monster, st_stairs_2, minmay_misc_feat_ornament,
          uniq_psyche
D:10:     minmay_the_grid_triangle_9x9_rhombus_thin
          [minmay_the_grid_triangle_9x9_tough_junction,
          minmay_the_grid_triangle_9x9_prize_schism,
          minmay_the_grid_triangle_9x9_from_above,
          minmay_the_grid_triangle_9x9_alien], layout_basic,
          grunt_temple_overflow_open
D:11:     layout_cross, erik_lair_orcish_takeover, hex_tiny, grunt_ministairs_8,
          xom_teletrap_fun, uniq_fannar, uniq_nergalle
D:12:     layout_basic, david_orc_5, serial_shops, shop
Lair:1:   beast_lair_carwin_large_3, layout_long_grid, uniq_gastronok,
          uniq_erica
Lair:2:   layout_cave_pods, nicolae_spider_entry_orb_guardian
Lair:3:   layout_roguey, minmay_shoals_entry_centaurs, ice2_lemuel,
          grunt_megastairs_5
Lair:4:   layout_misc_corridors, st_stairs_9, minmay_lair_drake_nest,
          infiniplex_staircase_pool
Lair:5:   layout_roguey, slime_altar_1, hangedman_lair_generics_rect,
          lemuel_fruit_tree
Lair:6:   hangedman_lair_tendril_chambers, layout_gridlike,
          serial_bayou_shore_b, infiniplex_staircase_pool_2, uniq_sonja,
          uniq_josephine

Skill      XL: |  1  2  3  4  5  6  7  8  9 10 11 12 13 14 |
---------------+-------------------------------------------+-----
Polearms       | 2 3 4 5 7 8 11 12 14 15 16 | 16.9
Spellcasting   | 2 3 5 6 |  6.0
Translocations | 3 4 6 |  6.0
Fighting       | 2 6 9 11 13 | 13.7
Dodging        | 3 5 |  5.2
Throwing       | |  0.8
Armour         | |  0.8

Action                   |  1- 3 |  4- 6 |  7- 9 | 10-12 | 13-15 || total
-------------------------+-------+-------+-------+-------+-------++-------
Melee: Spear             |   229 |   179 |    81 |   134 |   105 ||   728
       Trident           |       |    53 |   429 |   233 |       ||   715
       Glaive            |       |       |       |   444 |   619 ||  1063
 Fire: Hunting sling     |     4 |    25 |    11 |       |       ||    40
Throw: Stone             |     4 |       |       |       |       ||     4
       Javelin           |       |       |    20 |    20 |     3 ||    43
       Dart              |       |       |    13 |     8 |     3 ||    24
 Cast: Blink             |       |     1 |    15 |    39 |    55 ||   110
       Call Imp          |       |     8 |    46 |    52 |    17 ||   123
       Mephitic Cloud    |       |       |     4 |    27 |     6 ||    37
       Gell's Gravitas   |       |       |     7 |    32 |    34 ||    73
       Teleport Other    |       |       |       |     1 |     3 ||     4
       Manifold Assault  |       |       |       |       |     1 ||     1
Evoke: Wand              |       |       |     5 |     5 |    12 ||    22
       Piece from Xom's  |       |       |       |     5 |       ||     5
  Use: Potion            |     1 |       |     1 |     1 |     3 ||     6
       Scroll            |       |     1 |     1 |    14 |    14 ||    30
 Stab: Sleeping          |     1 |       |     1 |       |       ||     2
       Paralysed         |       |       |    18 |     8 |       ||    26
       Confused          |       |       |     5 |    31 |     4 ||    40
       Distracted        |       |       |     5 |     6 |     4 ||    15
       Petrified         |       |       |       |       |     2 ||     2
Armor: Leather armour    |    50 |    84 |   132 |   157 |   227 ||   650
       Skin              |       |       |       |       |     2 ||     2
Dodge: Dodged            |    99 |   118 |   317 |   376 |   564 ||  1474
Block: Other             |       |       |       |   123 |   152 ||   275
       Reflection        |       |       |       |     4 |     7 ||    11

Table legend: (Time is in decaauts)
 A = Elapsed time spent in this place.
 B = Non-inter-level travel time spent in this place.
 C = Inter-level travel time spent in this place.
 D = Time resting spent in this place.
 E = Time spent auto-exploring this place.
 F = Levels seen in this place.
 G = Mean time per level.
                   A        B        C        D        E       F      G
               +--------+--------+--------+--------+--------+-----+--------+
         Total |  34267 |  33271 |    996 |  12241 |  14364 |  18 | 1903.7 |
       Dungeon |  21055 |  20342 |    713 |   6579 |   9494 |  12 | 1754.6 |
          Lair |  13211 |  12928 |    283 |   5661 |   4869 |   6 | 2201.8 |
               +--------+--------+--------+--------+--------+-----+--------+

Top non-repeatable levels by time:
     D:1: 2819 daAuts
  Lair:2: 2738 daAuts
  Lair:1: 2666 daAuts
  Lair:3: 2525 daAuts
  Lair:6: 2373 daAuts
     D:4: 2178 daAuts
     D:9: 2164 daAuts
     D:5: 2115 daAuts
    D:10: 1955 daAuts
  Lair:5: 1879 daAuts
     D:7: 1661 daAuts
     D:8: 1621 daAuts
    D:11: 1420 daAuts
     D:2: 1401 daAuts
    D:12: 1296 daAuts
